 Dungeon Crawl Stone Soup version 0.30.0-10-gfe55d96785 (webtiles) character file.

Game seed: 5783207435151253782

172 GigaChad the Shield-Bearer (level 5, -6/42 HPs)
             Began as a Formicid Fighter on May 15, 2023.
             Mangled by Pikel
             ... wielding a +0 whip of electrocution
              (14 damage)
             ... on level 4 of the Dungeon.
             The game lasted 00:03:33 (2505 turns).

GigaChad the Shield-Bearer (Formicid Fighter)       Turns: 2505, Time: 00:03:33

Health: -6/42      AC:  7    Str: 37    XL:     5   Next: 82%
Magic:  5/5        EV:  8    Int:  7    God:
Gold:   130        SH: 13    Dex: 13    Spells: 4/4 levels left

rFire   + . .        a - +0 war axe
rCold   + . .        e - +0 tower shield
rNeg    . . .        b - +0 scale mail
rPois   .            (helmet unavailable)
rElec   .            k - scarf "Wyqiplano" {rC+ rF+, Str+3 Slay+2}
rCorr   .            (no gloves)
SInv    +            (no boots)
Will    +....        (no amulet) Stlth
                     i - +6 ring of strength
HPRegen 0.27/turn    m - ring of Mucho {Will+ Str+5}
MPRegen 0.09/turn

%: no passive effects
@: no status effects
A: permanent stasis, dig shafts and tunnels, antennae 3, four strong arms
a: Dig, Shaft Self


You were on level 4 of the Dungeon.
You visited 1 branch of the dungeon, and saw 4 of its levels.

You collected 130 gold pieces.

Inventory:

Hand Weapons
 a - a +0 war axe (weapon)
Armour
 b - a +0 scale mail (worn)
 c - a +0 buckler
 e - a +0 tower shield (worn)
 k - the scarf "Wyqiplano" (worn) {rC+ rF+, Str+3 Slay+2}
   (You acquired it on level 2 of the Dungeon)

   Str:       It affects your strength (+3).
   Slay:      It affects your accuracy & damage with ranged weapons and melee
   (+2).
Jewellery
 i - a +6 ring of strength (left hand)
 l - a ring of wizardry
 m - the ring of Mucho (right hand) {Will+ Str+5}
   (You found it on level 3 of the Dungeon)

   [ring of willpower]

   Str:       It affects your strength (+5).
   Will:      It increases your willpower.
Wands
 n - a wand of flame (21)
 s - a wand of roots (7)
Scrolls
 f - a scroll of torment {unknown}
 g - 3 scrolls of magic mapping
 h - 3 scrolls of identify
 o - 2 scrolls of silence {unknown}
 p - 2 scrolls of poison {unknown}
 r - a scroll of enchant armour {unknown}
 t - a scroll of fog {unknown}
 u - a scroll of noise {unknown}
Potions
 d - a potion of might
 j - 2 potions of curing {unknown}
 q - 2 potions of lignification {unknown}


   Skills:
 * Level 3.9 Fighting
 * Level 3.9 Axes
 * Level 4.1 Armour
 * Level 5.2 Shields


You had 4 spell levels left.
You didn't know any spells.
Your spell library contained the following spells:

 Spells                   Type           Power      Damage    Failure   Level
 Dazzling Flash           Conj/Hex       0%         N/A       100%        3
 Agony                    Necr           0%         N/A       100%        5
 Silence                  Hex/Air        0%         N/A       100%        5


Dungeon Overview and Level Annotations

Branches:
Dungeon (4/15)
 Temple: D:4-7

Altars:

Shops:
D:1 (

Annotations:
D:4 Pikel


Innate Abilities, Weirdness & Mutations

You cannot be hasted, slowed, berserked, paralysed or teleported.
You can dig through walls and to a lower floor.
You have a pair of large antennae on your head. (SInv)
Your four strong arms can wield two-handed weapons with a shield.


Message History

You are too injured to fight recklessly!
You are too injured to fight recklessly!
You are too injured to fight recklessly!
Unknown command.
You are too injured to fight recklessly!
Unknown command.
Unknown command.
You are too injured to fight recklessly!
You are too injured to fight recklessly!
Unknown command.
You are too injured to fight recklessly!
Unknown command.
You miss Pikel.
Pikel is lightly wounded.
The lemure shouts!
Pikel closely misses you.
Pikel hits you with a +0 whip of electrocution.
Unknown command.
You barely miss Pikel.
Pikel is lightly wounded.
Pikel hits you with a +0 whip of electrocution.
Unknown command.
You slash Pikel!
Pikel is moderately wounded.
You block Pikel's attack. Pikel barely misses you.
Unknown command.
You barely miss Pikel.
Pikel is moderately wounded.
Pikel hits you with a +0 whip of electrocution.
Unknown command.
You slash Pikel!
Pikel is severely wounded.
Pikel closely misses you. Pikel hits you but does no damage.
Unknown command.
You miss Pikel.
Pikel is severely wounded.
Pikel hits you with a +0 whip of electrocution!
* * * LOW HITPOINT WARNING * * *
You are electrocuted!
You die...

.....#...#.......
.......................
...^..................
..........#..........
.................... ...
...............#[.. ....
555.........###...
.....##K##..........<...
#......@#......#...>....
##............###.#.####
##........##.# #####
###.....##### #...#...
###.....# ##...## #####


You could see Pikel and 3 lemures.

Vanquished Creatures
  A lemure (D:4)
  Terence (D:2)
  An orc wizard (D:4)
  5 adders
  A worm (D:2)
  A dart slug (D:2)
  4 orcs (D:4)
  7 ball pythons
  6 endoplasms
  3 giant cockroaches
  4 goblins
  7 hobgoblins
  2 quokkas (D:2)
  8 bats
  3 frilled lizards
  9 kobolds
  6 rats
69 creatures vanquished.

Notes
Turn   | Place    | Note
-------+----------+-------------------------------------------
     0 | D:1      | GigaChad the Formicid Fighter began the quest for the Orb.
     0 | D:1      | Reached XP level 1. HP: 18/18 MP: 1/1
    81 | D:1      | Reached XP level 2. HP: 24/24 MP: 2/2
   217 | D:1      | Found Selyt's Antique Weapon Shop.
   245 | D:1      | Reached XP level 3. HP: 29/29 MP: 3/3
   813 | D:2      | Reached XP level 4. HP: 16/36 MP: 4/4
  1170 | D:2      | Noticed Terence
  1177 | D:2      | Killed Terence
  1178 | D:2      | Reached skill level 5 in Shields
  1178 | D:2      | Reached XP level 5. HP: 30/42 MP: 5/5
  1614 | D:2      | Identified a scroll of acquirement
  1614 | D:2      | Acquired the scarf "Wyqiplano" {rC+ rF+, Str+3 Slay+2}
  1668 | D:3      | Identified the ring of Mucho {Will+ Str+5}
  2490 | D:4      | Noticed a lemure
  2490 | D:4      | Noticed a lemure
  2491 | D:4      | Noticed Pikel
  2492 | D:4      | Noticed a lemure
  2498 | D:4      | Killed a lemure
  2499 | D:4      | Noticed a lemure
  2505 | D:4      | Mangled by Pikel

Illustrated notes

Levels and vault maps discovered:
D:1:      amcnicky_arrival_feature_with_door, layout_rooms, serial_bayou,
          serial_bayou_pond_c, serial_bayou_lagoon_a, serial_bayou_pond_e,
          serial_bayou_shore_a, serial_shops, shop
D:2:      layout_basic, kennysheep_nub, uniq_terence
D:3:      layout_basic
D:4:      layout_cave_pools, general_overflow_altar, serial_shops,
          nicolae_shop_tiny_waterfront, uniq_pikel

Skill      XL: |  1  2  3  4 |
---------------+-------------+-----
Axes           | 3 |  3.9
Armour         | 4 |  4.1
Shields        | 5 |  5.2
Fighting       | |  3.9

Action                     |  1- 3 |  4- 6 || total
---------------------------+-------+-------++-------
  Melee: War axe           |    84 |   106 ||   190
Ability: Dig               |     5 |       ||     5
    Use: Scroll            |     1 |     2 ||     3
 Armour: Scale mail        |    47 |    35 ||    82
  Dodge: Dodged            |    27 |    28 ||    55
  Block: Tower shield      |    76 |    80 ||   156
         Buckler           |     4 |       ||     4
